 Dungeon Crawl Stone Soup version 0.30-a0-341-g682706514a (webtiles) character file.

Game seed: 9089802665110399691

25 p00ps00p the Ducker (level 2, -5/23 HPs)
             Began as a Demonspawn Gladiator on Nov 4, 2022.
             Slain by a gnoll
             ... wielding a +0 halberd
              (15 damage)
             ... on level 2 of the Dungeon.
             The game lasted 00:02:34 (457 turns).

p00ps00p the Ducker (Demonspawn Gladiator)           Turns: 457, Time: 00:02:34

Health: -5/23      AC:  6    Str: 14    XL:     2   Next: 86%
Magic:  2/2        EV: 12    Int:  9    God:
Gold:   98         SH:  0    Dex: 14    Spells: 1/1 levels left

rFire   . . .      SeeInvis .    a - +0 war axe
rCold   . . .      Faith    .    (no shield)
rNeg    . . .      Spirit   .    b - +0 leather armour
rPois   .          Reflect  .    c - +0 helmet
rElec   .          Harm     .    (no cloak)
rCorr   .          Rampage  .    (no gloves)
Will    .....                    (no boots)
Stlth   +.........               (no amulet)
HPRegen 0.23/turn                (no ring)
MPRegen 0.08/turn                (no ring)

@: no status effects
A: icy blue scales 1
a: no special abilities


You were on level 2 of the Dungeon.
You visited 1 branch of the dungeon, and saw 2 of its levels.

You collected 98 gold pieces.

Inventory:

Hand Weapons
 a - a +0 war axe (weapon)
Missiles
 d - 3 throwing nets (quivered)
 e - a javelin
Armour
 b - a +0 leather armour (worn)
 c - a +0 helmet (worn)
Scrolls
 f - 3 scrolls of butterflies {unknown}
 g - a scroll of vulnerability {unknown}
Potions
 h - a potion of lignification {unknown}
 i - a potion of resistance {unknown}


   Skills:
 + Level 2.3 Fighting
 + Level 2.9 Axes
 - Level 1.7 Throwing
 + Level 0.7 Armour
 + Level 2.9 Dodging
 + Level 0.9 Stealth


You had one spell level left.
You didn't know any spells.
Your spell library was empty.

Dungeon Overview and Level Annotations

Branches:
Dungeon (2/15)

Altars:


Innate Abilities, Weirdness & Mutations

You are partially covered in icy blue scales. (AC +2)


Message History

Things that are here:
a +0 club; a goblin corpse You open the door.
A goblin and a kobold come into view.
Found a scroll labelled MUUHAT ZIESECE.
Found a stone staircase leading up.
There is an open door here.
A gnoll comes into view. It is wielding a +0 halberd.
Found a scroll labelled JOMUES PAOMI.
The gnoll shouts!
A hobgoblin comes into view.
The goblin hits you with a +0 club.
A gnoll comes into view. It is wielding a +0 spear.
Something hits the plant!
The plant begins to die.
The hobgoblin shouts!
The kobold shouts!
You hit the goblin.
The goblin is severely wounded.
You hear a shout!
The goblin hits you but does no damage.
A gnoll comes into view. It is wielding a +0 flail.
A gnoll comes into view. It is wielding a +0 spear.
The goblin barely misses you.
The kobold throws a stone.
The stone barely misses you.
The gnoll shouts!
You slash the goblin!
You kill the goblin!
You barely miss the kobold. The kobold barely misses you.
The gnoll hits you from afar with a +0 halberd.
You hit the kobold.
The kobold is severely wounded.
A nearby plant withers and dies.
The gnoll closely misses you.
The gnoll hits the plant with a +0 spear!
The plant begins to die.
The kobold misses you. The gnoll barely misses you.
The kobold closely misses you.
The gnoll hits you from afar with a +0 halberd.
You hit the kobold but do no damage.
The kobold is severely wounded.
The gnoll hits you from afar with a +0 spear.
The gnoll hits you from afar with a +0 halberd!
Ouch! That really hurt!
You die...

####.# #
#....########.##
#######.#..##........#
........#........####
......#.##.#.....# #
....#....#.#.....# ..#
......)....#.##'####....
.......#.#.#.#...g<..P..
######.#####.#..@Kg.PP..
................).g.g..P
.###.#.#####.#.....gP...
.....#.# #.#..........
.#####.# # #..........
.....#.# #.?.....PPP
)....#.# #....?.....
.....+.. ...........
#....#..


You could see 4 gnolls, a hobgoblin and a kobold.

Vanquished Creatures
  A dart slug (D:1)
  3 ball pythons (D:1)
  3 endoplasms (D:1)
  2 giant cockroaches (D:1)
  5 goblins
  A hobgoblin (D:1)
  2 kobolds (D:1)
  2 bats
  A rat (D:1)
20 creatures vanquished.

Vanquished Creatures (others)
  A plant (D:2)
1 creature vanquished.

Grand Total: 21 creatures vanquished

Notes
Turn   | Place    | Note
-------+----------+-------------------------------------------
     0 | D:1      | p00ps00p the Demonspawn Gladiator began the quest for the
                  | Orb.
     0 | D:1      | Reached XP level 1. HP: 16/16 MP: 1/1
    82 | D:1      | Gained mutation: You are partially covered in icy blue
                  | scales. (AC +2) [demonic ancestry]
    82 | D:1      | Reached XP level 2. HP: 22/22 MP: 2/2
   457 | D:2      | Slain by a gnoll

Illustrated notes

Levels and vault maps discovered:
D:1:      shiori_arrival_oz, layout_rooms
D:2:      layout_basic, serial_shops, shop_fountains, basic_altar,
          nicolae_grassy_gnolls

Action                   || total
-------------------------++-------
Melee: War axe           ||    43
       Punch             ||     1
 Stab: Sleeping          ||     1
Armor: Leather armour    ||    23
Dodge: Dodged            ||    40

Table legend: (Time is in decaauts)
 A = Elapsed time spent in this place.
 B = Non-inter-level travel time spent in this place.
 C = Inter-level travel time spent in this place.
 D = Time resting spent in this place.
 E = Time spent auto-exploring this place.
 F = Levels seen in this place.
 G = Mean time per level.
                   A        B        C        D        E       F      G
               +--------+--------+--------+--------+--------+-----+--------+
         Total |    471 |    458 |     13 |      0 |    344 |   2 |  235.5 |
       Dungeon |    471 |    458 |     13 |      0 |    344 |   2 |  235.5 |
               +--------+--------+--------+--------+--------+-----+--------+

Top non-repeatable levels by time:
     D:1: 395 daAuts
     D:2: 76 daAuts
